 Dungeon Crawl Stone Soup version 0.32-a0-119-g2e8054a333 (webtiles) character file.

Game seed: 14188685660758391083

76 seren the Insei (level 4, -5/33 HPs)
             Began as a Demonspawn Shapeshifter on Feb 6, 2024.
             Killed by divine providence
             ... invoked by an orc priest
              (16 damage)
             ... on level 3 of the Dungeon.
             The game lasted 00:03:08 (2063 turns).

seren the Insei (Demonspawn Shapeshifter)           Turns: 2063, Time: 00:03:08

Health: -5/33      AC:  5    Str: 14    XL:     4   Next: 12%
Magic:  4/4        EV: 12    Int: 10    God:
Gold:   104        SH:  0    Dex: 15    Spells: 3/3 levels left

rFire   . .          .
                       - Unarmed
rCold   . . .        (no shield)
rNeg    . . .        j - +0 leather armour
rPois   .            (no helmet)
rElec   .            (no cloak)
rCorr   .            p - +1 pair of gloves
SInv    .            (no boots)
Will    .....        (no amulet)
Stlth   +            (no ring)
HPRegen 0.25/turn    (no ring)
MPRegen 0.09/turn

%: no passive effects
@: no status effects
A: powered by death 2
a: no special abilities


You were on level 3 of the Dungeon.
You visited 1 branch of the dungeon, and saw 3 of its levels.

You collected 104 gold pieces.

Inventory:

Hand Weapons
 o - a +1 dagger of freezing
Missiles
 g - 5 silver javelins (quivered)
 n - 5 boomerangs
Armour
 a - a +0 animal skin
 j - a +0 leather armour (worn)
 p - a +1 pair of gloves (worn)
Jewellery
 i - an amulet of reflection
Talismans
 c - a beast talisman
 d - a flux talisman
Scrolls
 h - a scroll of identify {unknown}
 k - a scroll of revelation {unknown}
 m - a scroll of immolation {unknown}
 q - a scroll of enchant weapon {unknown}
Potions
 b - a potion of lignification
 e - 3 potions of might {unknown}
 f - 3 potions of curing {unknown}
 l - 2 potions of ambrosia {unknown}


   Skills:
 + Level 2.0 Fighting
 + Level 2.3 Dodging
 * Level 3.5 Unarmed Combat
 + Level 3.1 Shapeshifting


You had 3 spell levels left.
You didn't know any spells.
Your spell library contained the following spells:

 Spells                   Type           Power      Damage    Failure   Level
 Volatile Blastmotes      Fire/Tloc      0%         2d10      82%         3
 Fulminant Prism          Conj/Alch      0%         3d5       99%         4
 Iskenderun's Mystic Bla  Conj/Tloc      0%         2d3       99%         4


Dungeon Overview and Level Annotations

Branches:
Dungeon (3/15)

Altars:
Fedhas


Innate Abilities, Weirdness & Mutations

You regenerate health from kills.


Message History

You start putting on your armour.
You continue putting on your +1 pair of gloves. x4
You finish putting on your +1 pair of gloves.
Your movement speed is average.
Your attack delay is about 0.9.
Your damage rating with unarmed combat is about 6 (Base [3 + 3 (UC)] x 110% (Str) x 103% (Fight)).
Unknown command.
q - a scroll labelled TIONIFR KENESO You now have 104 gold pieces (gained 1).
A ball python comes into view.
The ball python hisses angrily.
The ball python moves out of view.
A ball python is nearby!
You hit the ball python.
You kill the ball python!
No target in view!
Found a blossoming altar of Fedhas.
You see here a ball python corpse.
Found a stone staircase leading down. 2 orcs and an orc priest come into view.
The orc shouts!
The orc priest shouts!
There are monsters nearby!
The orc priest calls down the wrath of Beogh upon you.
Beogh smites you!
* * * LOW HITPOINT WARNING * * *
The orc priest mumbles some strange prayers to Beogh against you.
Pain shoots through your body!
* * * LOW HITPOINT WARNING * * *
The orc shouts!
The orc priest looks encouraged for a moment.
The orc priest miscasts a cantrip.
A ball python comes into view.
The ball python moves out of view.
You see here a ball python corpse.
You see here a goblin corpse.
The orc priest invokes the aid of Beogh against you.
Beogh smites you!
* * * LOW HITPOINT WARNING * * *
The orc priest calls down the wrath of Beogh upon you.
Beogh smites you!
You die...

#....#.#.#.#.#
#.##.........#
###.##.#.#.#.#.#
#...##.........#
#...##.#.#.#.#.#
####.<.##.........#
#.........#.#.#.#.##
##..................#
#.....@.......##....#
#.......#############
#..#.#..# #.......#
♣♣♣♣♣ #..#.#.##
♣♣...♣♣ ##.....#
♣♣.....♣♣ #####.#
♣♣.......♣ #o#
♣...._.... #o#
♣♣.........


You could see an orc priest.

Vanquished Creatures
  2 adders
  A dart slug (D:1)
  3 ball pythons
  2 bats (D:1)
  4 endoplasms
  3 giant cockroaches
  4 goblins
  5 hobgoblins
  8 jackals
  2 kobolds
  6 quokkas
  4 frilled lizards
  3 rats
47 creatures vanquished.

Notes
Turn   | Place    | Note
-------+----------+-------------------------------------------
     0 | D:1      | seren the Demonspawn Shapeshifter began the quest for the
                  | Orb.
     0 | D:1      | Reached XP level 1. HP: 15/15 MP: 1/1
   204 | D:1      | Gained mutation: You regenerate a little health from kills.
                  | [demonic ancestry]
   204 | D:1      | Reached XP level 2. HP: 17/21 MP: 2/2
   696 | D:1      | Gained mutation: You regenerate health from kills. [demonic
                  | ancestry]
   696 | D:1      | Reached XP level 3. HP: 25/26 MP: 3/3
  1778 | D:3      | Reached XP level 4. HP: 14/33 MP: 4/4
  1960 | D:3      | Found a blossoming altar of Fedhas.
  2063 | D:3      | Killed from afar by an orc priest

Illustrated notes

Levels and vault maps discovered:
D:1:      elethiomel_arrival_shortcut, layout_basic
D:2:      layout_basic
D:3:      minmay_razor_zed, layout_loops_ring, fedhas_altar_fruit_tree,
          serial_co_window_serial, co_window_corner_a, co_window_paths_b,
          co_window_paths_a, co_window_corner_a, co_window_corner_a,
          co_window_corner_ca, co_window_broadway_c, co_window_of_opportunity_b,
          co_window_broadway_b, co_window_paths_d, glass_columns_a,
          glass_columns_c, glass_columns_a, glass_columns_a

Skill      XL: |  1  2  3  4 |
---------------+-------------+-----
Dodging        | 2 |  2.3
Unarmed Combat | 3 |  3.5
Shapeshifting  | 3 |  3.1
Fighting       | 2 |  2.0

Action                     |  1- 3 |  4- 6 || total
---------------------------+-------+-------++-------
  Melee: Unarmed           |   136 |     2 ||   138
         Punch             |     6 |       ||     6
Ability: Begin Untransform |       |     1 ||     1
   Stab: Sleeping          |     1 |     1 ||     2
 Armour: Animal skin       |    39 |       ||    39
         Leather armour    |    29 |       ||    29
  Dodge: Dodged            |    77 |       ||    77

Table legend: (Time is in decaauts)
 A = Elapsed time spent in this place.
 B = Non-inter-level travel time spent in this place.
 C = Inter-level travel time spent in this place.
 D = Time resting spent in this place.
 E = Time spent auto-exploring this place.
 F = Levels seen in this place.
 G = Mean time per level.
                   A        B        C        D        E       F      G
               +--------+--------+--------+--------+--------+-----+--------+
         Total |   2054 |   1953 |    101 |    148 |   1385 |   3 |  684.7 |
       Dungeon |   2054 |   1953 |    101 |    148 |   1385 |   3 |  684.7 |
               +--------+--------+--------+--------+--------+-----+--------+

Top non-repeatable levels by time:
     D:1: 868 daAuts
     D:2: 767 daAuts
     D:3: 418 daAuts
